 Dungeon Crawl Stone Soup version 0.29.1-15-g9cfb28693d (webtiles) character file.

Game seed: 11282196023892457215

4 Heoruswealwe the Covered (level 1, -1/20 HPs)
             Began as a Minotaur Fighter on Mar 1, 2023.
             Slain by a gnoll
             ... wielding a +0 flail
              (6 damage)
             ... on level 1 of the Dungeon.
             The game lasted 00:05:09 (303 turns).

Heoruswealwe the Covered (Minotaur Fighter)          Turns: 303, Time: 00:05:10

Health: -1/20      AC:  8    Str: 20    XL:     1   Next: 50%
Magic:  0/0        EV:  9    Int:  5    God:
Gold:   43         SH:  4    Dex:  9    Spells: 0/0 levels left

rFire   . . .      SeeInvis .   i - +0 broad axe
rCold   . . .      Faith    .   c - +0 buckler
rNeg    . . .      Spirit   .   b - +0 scale mail
rPois   .          Reflect  .   (helmet restricted)
rElec   .          Harm     .   (no cloak)
rCorr   .          Rampage  .   (no gloves)
Will    .....                   g - +0 pair of boots
Stlth   ..........              (no amulet)
HPRegen 0.06/turn               (no ring)
MPRegen 0.07/turn               (no ring)

@: no status effects
A: horns 2, retaliatory headbutt
a: no special abilities


You were on level 1 of the Dungeon.
You visited 1 branch of the dungeon, and saw 1 of its levels.

You collected 43 gold pieces.

Inventory:

Hand Weapons
 a - a +0 war axe
 i - a +0 broad axe (weapon)
Armour
 b - a +0 scale mail (worn)
 c - a +0 buckler (worn)
 g - a +0 pair of boots (worn)
Scrolls
 e - a scroll of poison {unknown}
 f - a scroll of fear {unknown}
 j - a scroll of identify {unknown}
Potions
 d - a potion of might
 h - a potion of flight {unknown}
 k - a potion of berserk rage {unknown}
 l - a potion of brilliance {unknown}


   Skills:
 + Level 3.7 Fighting
 + Level 2.5 Axes
 + Level 3.7 Armour
 + Level 3.7 Shields


You couldn't memorise any spells.
You didn't know any spells.
Your spell library was empty.

Dungeon Overview and Level Annotations

Branches:
Dungeon (1/15)

Altars:

Shops:
D:1 (


Innate Abilities, Weirdness & Mutations

You have a pair of horns on your head.
You reflexively headbutt those who attack you in melee.


Message History

You closely miss the rat.
The rat twitches its whiskers.
The rat bites you but does no damage. The rat bites you.
You barely miss the rat. You block the rat's attack.
You closely miss the rat.
The rat twitches its whiskers.
The rat closely misses you. x2
You closely miss the rat. You headbutt the rat.
You kill the rat!
Found a stone staircase leading down.
Found 6 gold pieces.
A gnoll comes into view. It is wielding a +0 flail.
Found a potion of might.
Found a stone staircase leading down.
The gnoll shouts!
You barely miss the gnoll. The gnoll hits you but does no damage.
You block the gnoll's attack.
You barely miss the gnoll. Your headbutt misses the gnoll.
The gnoll hits you but does no damage.
You completely miss the gnoll. The gnoll hits you with a +0 flail.
The gnoll hits you with a +0 flail!
* * * LOW HITPOINT WARNING * * *
You closely miss the gnoll. The gnoll barely misses you.
You furiously retaliate!
You headbutt the gnoll! You hit the gnoll but do no damage.
The gnoll is severely wounded.
You block the gnoll's attack. The gnoll closely misses you.
You closely miss the gnoll.
The gnoll is severely wounded.
The gnoll closely misses you. You block the gnoll's attack.
You hit the gnoll.
The gnoll is severely wounded.
You block the gnoll's attack.
You barely miss the gnoll.
The gnoll is severely wounded.
The gnoll hits you with a +0 flail.
* * * LOW HITPOINT WARNING * * *
You barely miss the gnoll. Your headbutt misses the gnoll.
The gnoll is severely wounded.
The gnoll hits you with a +0 flail.
You die...

#.## ##... # ##.... #.# ##..#
......# ..##
.....>.....#....#####...#
.....................#..###
.......# #....$.......#...
.......# ......g@.......# #
........ ...............##.#
.....# ..................#
.....# .#...............#####
.....# .#..>................#
.....#.....!................#
######.# ##......>..........#
# #..# .#..#..##.........# #
##..# ...#.............#


You could see a gnoll.

Vanquished Creatures
  A goblin (D:1)
  A ball python (D:1)
  2 frilled lizards (D:1)
  A rat (D:1)
5 creatures vanquished.

Notes
Turn   | Place    | Note
-------+----------+-------------------------------------------
     0 | D:1      | Heoruswealwe the Minotaur Fighter began the quest for the
                  | Orb.
     0 | D:1      | Reached XP level 1. HP: 19/19 MP: 0/0
    63 | D:1      | Found Abazohoo's Antique Weapon Boutique.
   303 | D:1      | Slain by a gnoll

Illustrated notes

Levels and vault maps discovered:
D:1:      lightli_arrival_lavapool, layout_rooms, serial_shops,
          nicolae_shop_hallway_plus, roderic_roman_lattice, nicolae_titane

Action                   || total
-------------------------++-------
Melee: Broad axe         ||    19
       War axe           ||     4
       Headbutt          ||     2
Armor: Scale mail        ||     6
Dodge: Dodged            ||     9
Block: Buckler           ||     8
